 Dungeon Crawl Stone Soup version 0.17-a0-1996-gd2c0ec8 (webtiles) character file.

280 brucemayne the Cudgeler (level 6, -8/59 HPs)
             Began as a Troll Berserker on Oct 7, 2015.
             Was a Believer of Trog.
             Killed from afar by Dowan (18 damage)
             ... with a shard of ice
             ... on level 4 of the Dungeon.
             The game lasted 00:03:34 (686 turns).

brucemayne the Cudgeler (Troll Berserker)            Turns: 686, Time: 00:03:34

Health: -8/59      AC:  5    Str: 26    XL:     6   Next: 5%
Magic:  5/5        EV: 10    Int:  3    God:    Trog [**....]
Gold:   71         SH:  0    Dex: 11    Spells: 0 memorised, 5 levels left

rFire  . . .     SeeInvis .     a - +0 mace
rCold  . . .     Clarity  .     b - +0 animal skin
rNeg   . . .     SustAt   .     (no shield)
rPois  .         Gourm    +     (helmet restricted)
rElec  .         Spirit   .     (no cloak)
rCorr  .         Warding  .     (gloves unavailable)
rMut   .         Stasis   .     (boots unavailable)
MR     .....                    (no amulet)
Stlth  +.........               (no ring)
                                (no ring)

@: exhausted, slowed, very slow, not resistant to hostile enchantments, very
unstealthy
A: unfitting armour, claws 3, fast metabolism 3, gourmand, regeneration 2,
shaggy fur 1, tough skin 2
a: Burn Spellbooks, Berserk, Trog's Hand, Renounce Religion


You were on level 4 of the Dungeon.
You worshipped Trog.
Trog was pleased with you.
You were very hungry.

You visited 1 branch of the dungeon, and saw 5 of its levels.

You collected 71 gold pieces.

Inventory:

Hand Weapons
 a - a +0 mace (weapon)
 m - a +0 falchion of electrocution
Missiles
 h - 3 large rocks (quivered)
Armour
 b - a +0 animal skin (worn)
Scrolls
 e - 2 scrolls of identify {unknown}
 k - 2 scrolls of fear {unknown}
Potions
 d - a potion of mutation {unknown}
 j - a potion of agility {unknown}
Comestibles
 c - 5 bread rations
 f - 6 fruits
 g - a meat ration
 i - a beef jerky
 l - 2 chunks of flesh


   Skills:
 - Level 2.4 Fighting
 + Level 6.2 Maces & Flails
 - Level 2.4 Dodging


You had 5 spell levels left.
You didn't know any spells.

Dungeon Overview and Level Annotations

Branches:
Dungeon (5/15)
 Temple: D:4-7

Altars:

Shops:
D:4 [

Annotations:
D:4 Dowan
D:5 Eustachio


Innate Abilities, Weirdness & Mutations

You are too large for most types of armour.
You have claws for hands.
Your metabolism is lightning-fast.
You like to eat raw meat.
You heal very quickly.
You are covered in fur (AC +1).
You have very tough skin (AC +2).


Message History

You barely miss the orc.
The orc is almost dead.
Dowan hits you with a dagger.
* * * LOW HITPOINT WARNING * * *
Dowan hits you with a dagger.
* * * LOW HITPOINT WARNING * * *
The orc hits you with a morningstar.
* * * LOW HITPOINT WARNING * * *
Unknown command.
You hit the orc.
You kill the orc!
Trog accepts your kill.
Your skin stops crawling.
You feel less resistant to hostile enchantments.
Dowan barely misses you. Dowan gestures at you while chanting.
The stone arrow misses you. Dowan gestures at you while chanting.
The shard of ice hits you!
You die...

#####e.# ###
#....o.# ..#
#.# #.# #.#
#.# #.######
#.# #(.).).#
#.#
#######.####∩#
.......))e>#.#
####.#..@#...#
# #########


You could see Dowan.

Vanquished Creatures
  Duvessa (D:4)
  2 orc wizards
  2 orc priests (D:3)
  2 adders (D:3)
  A worm (D:3)
  8 orcs
  4 bats
  5 hobgoblins
  A quokka (D:3)
  2 ball pythons
  2 giant cockroaches
  2 giant newts
  4 goblins (D:2)
  7 kobolds
  3 rats (D:2)
46 creatures vanquished.

Notes
Turn   | Place    | Note
--------------------------------------------------------------
     0 | D:1      | brucemayne the Troll Berserker began the quest for the Orb.
     0 | D:1      | Reached XP level 1. HP: 22/22 MP: 0/0
    78 | D:1      | Reached skill level 3 in Maces & Flails
   113 | D:2      | Reached XP level 2. HP: 29/29 MP: 1/1
   370 | D:3      | Acquired Trog's second power
   370 | D:3      | Reached skill level 4 in Maces & Flails
   370 | D:3      | Reached XP level 3. HP: 33/36 MP: 2/2
   379 | D:3      | Reached XP level 4. HP: 35/44 MP: 3/3
   470 | D:3      | Reached skill level 5 in Maces & Flails
   528 | D:5      | Entered Level 5 of the Dungeon
   529 | D:5      | Noticed Eustachio
   549 | D:4      | Found Kithom's Antique Armour Emporium.
   565 | D:4      | Noticed Duvessa
   582 | D:4      | Killed Duvessa
   582 | D:4      | Reached XP level 5. HP: 50/50 MP: 4/4
   602 | D:3      | Reached skill level 6 in Maces & Flails
   658 | D:4      | Noticed Dowan
   672 | D:4      | Reached XP level 6. HP: 55/59 MP: 5/5
   686 | D:4      | Killed from afar by Dowan

Vault maps used:
D:1:      co_arrival_random_square_maze
D:2:      good_gods_temple_1, nicolae_ru_path_of_blood
D:4:      grunt_temple_overflow_growth_and_decay, serial_shops, shop,
          shop_fountains, uniq_duvessa
D:5:      first_bread, grunt_qazlal_clouds, uniq_prince_ribbit1, uniq_edmund,
          uniq_eustachio

Action                   |  1- 3 |  4- 6 || total
-------------------------+-------+-------++-------
Melee: Mace              |    77 |    75 ||   152
Invok: Berserk           |     1 |     4 ||     5
       Trog's Hand       |       |     1 ||     1
  Eat: Chunk             |       |     8 ||     8
